 Dungeon Crawl Stone Soup version 0.31.0-1-g2c135a0 (webtiles) character file.

Game seed: 2321440328256082189

112 bonegar the Sneak (level 4, -2/36 HPs)
             Began as a Naga Enchanter on Feb 12, 2024.
             Slain by Grinder (5 damage)
             ... on level 3 of the Dungeon.
             The game lasted 00:26:32 (1908 turns).

bonegar the Sneak (Naga Enchanter)                  Turns: 1908, Time: 00:26:41

Health: -2/36      AC:  8    Str: 10    XL:     4   Next: 93%
Magic:  6/8        EV: 10    Int: 18    God:
Gold:   88         SH:  0    Dex: 11    Spells: 6/8 levels left

rFire   . . .        a - +3 dagger
rCold   . . .        (no shield)
rNeg    . . .        b - +0 robe
rPois   +            (no helmet)
rElec   .            (no cloak)
rCorr   .            g - +1 pair of gloves
SInv    +            (no barding)
Will    .....        s - amulet of regeneration
Stlth   +++          f - +4 ring of protection
HPRegen 1.06/turn    (no ring)
MPRegen 0.11/turn

%: no passive effects
@: attractive, very slow
A: AC +1, large, see invisible, deformed body, poison resistance, slowness 2,
spit poison 1, naga tail 1
a: Spit Poison


You were on level 3 of the Dungeon.
You visited 1 branch of the dungeon, and saw 3 of its levels.

You collected 88 gold pieces.

Inventory:

Hand Weapons
 a - a +3 dagger (weapon)
 n - a +0 mace of protection
 q - a +0 dagger
 t - a +1 dagger of flaming
Missiles
 k - 6 boomerangs
Armour
 b - a +0 robe (worn)
 g - a +1 pair of gloves (worn)
 h - a +0 scale mail of fire resistance
 l - a +0 leather armour
 o - a +0 helmet
 p - a +0 animal skin
Magical Staves
 i - a staff of cold
Jewellery
 f - a +4 ring of protection (left hand)
 s - an amulet of regeneration (around neck)
Wands
 c - a wand of flame (21)
 r - a wand of mindburst (4)
Scrolls
 m - a scroll of vulnerability
Potions
 d - a potion of attraction


   Skills:
 + Level 0.3 Fighting
 + Level 1.4 Short Blades
 + Level 2.0 Dodging
 + Level 5.8 Stealth
 + Level 2.8 Spellcasting
 + Level 3.6 Hexes
 + Level 0.6 Ice Magic


You had 6 spell levels left.
You knew the following spells:

 Your Spells              Type           Power      Damage    Failure   Level
a - Ensorcelled Hibernat  Hex/Ice        20%        N/A       11%         2

Your spell library contained the following spells:

 Spells                   Type           Power      Damage    Failure   Level
 Confusing Touch          Hex            15%        N/A       12%         3
 Tukima's Dance           Hex            15%        N/A       12%         3
 Dazzling Flash           Conj/Hex       18%        N/A       24%         3
 Call Imp                 Summ           4%         N/A       26%         2
 Cigotuvi's Dreadful Rot  Necr/Alch/Air  4%         N/A       26%         2
 Sublimation of Blood     Necr           2%         N/A       26%         2
 Dispel Undead            Necr           2%         3d7       86%         4
 Martyr's Knell           Necr/Summ      2%         N/A       86%         4
 Death Channel            Necr           1%         N/A       100%        6
 Summon Hydra             Summ           1%         N/A       100%        7


Dungeon Overview and Level Annotations

Branches:
Dungeon (3/15)

Altars:

Annotations:
D:3 Grinder


Innate Abilities, Weirdness & Mutations

Your serpentine skin is tough. (AC +1)
You have supernaturally acute eyesight. (SInv)
Armour fits poorly on your strangely shaped body.
Your system is resistant to poisons. (rPois)
You cover ground very slowly.
You can spit poison.
You have a snake-like lower body.


Message History

You closely miss Grinder.
Grinder is heavily wounded.
Grinder hits you.
* * * LOW HITPOINT WARNING * * *
You hit Grinder.
Grinder is heavily wounded.
Grinder blinks!
Grinder is attracted toward you. Grinder is attracted toward you.
You hit Grinder but do no damage.
Grinder is heavily wounded.
Grinder hits you!
* * * LOW HITPOINT WARNING * * *
You writhe in agony.
* * * LOW HITPOINT WARNING * * *
You hit Grinder.
Grinder is severely wounded.
Grinder hits you but does no damage.
You barely miss Grinder.
Grinder is severely wounded.
Grinder blinks!
Grinder is attracted toward you.
You hit Grinder but do no damage.
Grinder is severely wounded.
Grinder says, "Just stop there for a second..."
Grinder gestures at you.
You struggle to resist.
You hit Grinder.
Grinder is severely wounded.
Grinder closely misses you.
You hit Grinder but do no damage.
Grinder is severely wounded.
You closely miss Grinder.
Grinder is severely wounded.
Grinder barely misses you.
You hit Grinder.
Grinder is almost dead.
Grinder hits you.
* * * LOW HITPOINT WARNING * * *
You writhe in agony.
You die...
Grinder says, "Hey, I wasn't done torturing you yet!"

.#####)##.....## ###.#
.......#.......# ##.#.#
...####†........####....#
......+.........+.<.....#
...####.........####....#
..## ##.......#....5.§.#
.## ##.....##.#####..# .#
##...###5# #..# .# #+##
#@#####..# .# #.#......#
## #.#.###.## #.#.###.#
#....§..# ###§##### #.#
#.# ..#


You could see Grinder.

Vanquished Creatures
  Ijyb (D:3)
  Robin (D:2)
  2 dart slugs
  3 ribbon worms
  An orc (D:3)
  6 endoplasms
  A giant cockroach (D:1)
  14 goblins
  8 hobgoblins
  3 quokkas
  A ball python (D:2)
  6 bats
  3 frilled lizards
  5 kobolds
  3 rats (D:1)
58 creatures vanquished.

Notes
Turn   | Place    | Note
-------+----------+-------------------------------------------
     0 | D:1      | bonegar the Naga Enchanter began the quest for the Orb.
     0 | D:1      | Reached XP level 1. HP: 15/15 MP: 3/3
   234 | D:1      | Reached XP level 2. HP: 22/22 MP: 5/5
   412 | D:1      | Reached skill level 5 in Stealth
   722 | D:1      | Reached XP level 3. HP: 23/28 MP: 6/6
   749 | D:1      | Learned a level 2 spell: Ensorcelled Hibernation
  1352 | D:2      | Noticed Robin
  1364 | D:2      | Reached XP level 4. HP: 33/36 MP: 1/7
  1402 | D:2      | Killed Robin
  1743 | D:3      | Noticed Ijyb
  1762 | D:3      | Killed Ijyb
  1869 | D:3      | Noticed Grinder
  1872 | D:3      | Paralysed by Grinder for 3 turns
  1908 | D:3      | Slain by Grinder

Illustrated notes

Levels and vault maps discovered:
D:1:      dpeg_arrival_triangle_fractal, layout_loops_corners, minivault_4,
          minmay_pentomino_z2
D:2:      layout_basic, uniq_robin
D:3:      layout_loops_corners, uniq_natasha, uniq_crazy_yiuf_cottage,
          uniq_grinder, uniq_ijyb

Skill      XL: |  1  2  3  4 |
---------------+-------------+-----
Stealth        | 5 |  5.8
Dodging        | 2 |  2.0
Fighting       | |  0.3
Short Blades   | |  1.4
Spellcasting   | |  2.8
Hexes          | |  3.6
Ice Magic      | |  0.6

Action                     |  1- 3 |  4- 6 || total
---------------------------+-------+-------++-------
  Melee: Dagger            |   106 |    74 ||   180
   Cast: Ensorcelled Hiber |    15 |    10 ||    25
Ability: Spit Poison       |     1 |       ||     1
  Evoke: Wand              |       |     3 ||     3
    Use: Scroll            |     3 |     2 ||     5
         Potion            |       |     3 ||     3
   Stab: Sleeping          |    18 |     3 ||    21
         Invisible         |       |     4 ||     4
 Armour: Robe              |    64 |    41 ||   105
  Dodge: Dodged            |    41 |    27 ||    68
